Map: Automaton LE

Players

TiPtOP

  • Race: Terran Terran
  • League: Silver
  • Spawn Location: 3:00

Brian - Winner!

  • Race: Protoss Protoss
  • League: Gold
  • Spawn Location: 9:00

VOD

Have the link to the VOD?

Description

Time

  • Played on: May 7, 2019, 2:16 a.m.
  • Length: 18:34
Show
View Real Time Build Order
Export as new Build Order

TiPtOP Terran 

Build Orders:  

Get SALT Encoding   

  12  0:01  SCV  
  13  0:13  SCV  
  14  0:21  Supply Depot  
  14  0:25  SCV  
  15  0:32  Refinery  
  15  0:43  SCV  
  16  0:52  Barracks  
  16  0:55  SCV  
  17  1:08  SCV  
  18  1:20  SCV  
  19  1:30  Barracks  
  19  1:38  SCV  
  20  1:41  Reaper  
  21  1:52  SCV, Supply Depot  
  22  2:04  SCV  
  23  2:17  SCV  
  24  2:29  SCV, Supply Depot  
  25  2:32  Factory  
  25  2:33  Barracks Reactor  
  25  2:35  Barracks Tech Lab  
  25  2:44  SCV  
  26  3:03  SCV  
  27  3:35  SCV  
  28  3:50  SCV  
  28  3:55  Marine x2, Marauder  
  33  4:04  SCV, Command Center  
  34  4:14  Starport  
  34  4:15  Factory Reactor  
  34  4:26  Barracks  
  34  4:30  Supply Depot  
  34  4:38  Marine x2  
  36  4:39  Marauder  
  36  4:42  Stimpack  
  38  4:46  Refinery  
  38  4:48  Orbital Command  
  38  4:55  Marine  
  38  4:56  Marine  
  40  5:00  Marauder  
  42  5:13  Marine x2  
  44  5:18  Engineering Bay  
  44  5:22  Marauder  
  44  5:23  Supply Depot  
  44  5:26  SCV  
  47  5:30  SCV  
  47  5:32  Marine x2  
  47  5:33  Marine  
  51  5:38  SCV  
  51  5:40  Medivac  
  54  5:43  Marauder  
  56  5:55  Marine  
  56  5:56  Marine  
  57  6:05  Marauder  
  59  6:26  Marauder  
  59  6:27  SCV x2  
  63  6:33  Missile Turret  
  63  6:43  SCV x2  
  65  6:47  Marauder  
  67  6:54  Barracks Reactor  
  67  7:00  Barracks  
  67  7:06  Factory Tech Lab  
  67  7:09  Marauder  
  69  7:16  Command Center  
  69  7:20  Supply Depot  
  69  7:27  Terran Infantry Weapons Level 1, Supply Depot  
  69  7:32  Combat Shield  
  69  7:41  Medivac x2  
  69  7:42  Supply Depot  
  73  7:45  Refinery, SCV  
  73  7:46  SCV  
  73  7:50  Supply Depot  
  75  7:58  SCV  
  76  8:04  Marine  
  76  8:05  Marine x2, Marauder  
  81  8:17  SCV  
  81  8:18  SCV  
  83  8:26  Marauder  
  85  8:33  Marine x2  
  87  8:34  Marine x2  
  87  8:38  Barracks  
  89  8:47  Marauder  
  70  9:07  Marine x3  
  70  9:09  Marauder  
  63  9:22  Marine  
  64  9:24  Marine  
  64  9:26  Marine x2  
  64  9:30  Siege Tank, Marauder  
  72  9:40  Marine  
  72  9:42  Marine  
  72  9:43  SCV  
  72  9:44  Marine  
  76  9:52  Marauder, Supply Depot  
  78  9:53  Supply Depot  
  78  10:07  Marine x4  
  78  10:13  Marauder  
  84  10:14  Supply Depot  
  84  10:18  Supply Depot  
  84  10:21  SCV x2  
  84  10:25  Marine x4  
  90  10:34  Marauder  
  92  10:38  Supply Depot  
  92  10:42  Marine  
  92  10:43  Marine  
  92  10:49  Marine x2  
  96  10:55  Marine  
  97  11:00  Marine  
  78  11:18  Viking  
  78  11:24  Starport  
  78  11:25  Barracks Reactor  
  80  11:27  Marine x6  
  86  11:44  Marine  
  86  11:46  Missile Turret  
  87  11:49  Missile Turret  
  87  11:51  Missile Turret  
  87  12:05  Marine x4  
  91  12:08  Barracks Reactor  
  91  12:09  Missile Turret  
  91  12:13  Marine x3  
  94  12:18  Missile Turret  
  94  12:20  Command Center  
  94  12:25  Missile Turret  
  83  12:46  Missile Turret  
  83  12:51  Medivac x2  
  83  12:52  Missile Turret  
  83  12:54  Missile Turret  
  87  13:05  Marine x2  
  87  13:06  Marine x7  
  96  13:18  SCV  
  96  13:19  SCV  
  98  13:21  Medivac x2  
  98  13:23  Marine x4  
  98  13:24  Marine  
  107  13:30  SCV  
  107  13:31  SCV, Terran Infantry Armor Level 1  
  107  13:33  Starport Reactor  
  109  13:34  Liberator  
  109  13:43  SCV x2  
  109  13:46  Marauder  
  113  13:51  Marine x7  
  113  13:52  Marine  
  124  14:08  Marauder  
  126  14:23  SCV  
  127  14:25  Refinery  
  127  14:26  SCV x2  
  129  14:34  Liberator x2  
  129  14:35  SCV  
  130  14:38  SCV  
  130  14:44  Marine x3  
  130  14:45  Marine x2  
  136  14:46  Marine x2, Marauder  
  136  14:47  Marine  
  136  14:49  Siege Tank  
  150  15:04  Refinery  
  150  15:07  Marauder  
  152  15:17  Fusion Core  
  152  15:21  Siege Tank, Starport  
  111  16:18  Marine x5  
  92  16:19  Marine x4  
  100  16:40  Siege Tank  
  103  17:01  Marine x4  
  103  17:02  Marine x3  
  103  17:07  Starport Reactor  
  110  17:13  Siege Tank  
  106  17:37  Refinery  
  42  17:56  Marine x4  
  42  17:57  Marine x5  
  43  18:08  Command Center  
Show
View Real Time Build Order
Export as new Build Order

Brian Protoss - Winner!

Build Orders:  

Get SALT Encoding   

  1  0:00  Probe  
  12  0:05  Probe  
  14  0:16  Probe  
  15  0:23  Pylon  
  15  0:41  Probe  
  16  0:49  Gateway  
  16  0:52  Gateway  
  16  1:01  Pylon  
  16  1:09  Pylon  
  16  1:13  Probe, Assimilator  
  17  1:21  Probe  
  18  1:30  Probe  
  18  1:37  Cybernetics Core  
  19  1:40  Assimilator  
  19  1:42  Probe  
  20  1:55  Zealot, Probe  
  23  2:07  Probe  
  24  2:26  Stalker  
  26  2:37  Nexus  
  26  2:46  Pylon  
  26  2:53  Probe  
  24  3:55  Probe x2  
  26  4:03  Robotics Facility  
  26  4:05  Robotics Facility  
  26  4:07  Probe  
  26  4:08  Probe, Twilight Council  
  28  4:13  Gateway  
  28  4:16  Gateway  
  28  4:19  Probe, Gateway  
  28  4:20  Probe  
  30  4:28  Gateway  
  30  4:31  Probe x2  
  32  4:39  Probe  
  33  4:45  Pylon  
  33  4:54  Shield Battery  
  33  4:58  Shield Battery  
  33  5:00  Probe x2  
  35  5:08  Probe x2  
  37  5:15  Immortal  
  37  5:17  Warp Gate  
  41  5:22  Pylon  
  41  5:29  Pylon  
  41  5:30  Pylon  
  41  5:36  Observer  
  41  5:41  Stalker  
  41  5:42  Stalker  
  46  5:46  Stalker  
  48  5:50  Adept  
  48  5:52  Probe  
  51  6:05  Probe  
  51  6:08  Probe  
  53  6:13  Probe, Assimilator  
  54  6:18  Assimilator  
  54  6:20  Probe  
  54  6:23  Probe  
  56  6:25  Stargate  
  56  6:30  Gateway  
  56  6:31  Gateway  
  56  6:33  Probe  
  56  6:35  Probe  
  58  6:41  Blink  
  58  6:43  Forge  
  58  6:46  Probe  
  59  6:47  Probe, Forge  
  60  7:03  Probe  
  60  7:05  Immortal  
  65  7:12  Immortal  
  69  7:17  Protoss Ground Weapons Level 1  
  69  7:19  Protoss Shields Level 1  
  69  7:28  Void Ray  
  73  7:33  Stalker  
  73  7:36  Stalker  
  77  7:48  Shield Battery  
  77  7:50  Shield Battery  
  77  7:54  Photon Cannon  
  77  7:56  Photon Cannon  
  77  8:02  Photon Cannon  
  77  8:10  Stalker x2  
  77  8:11  Shield Battery  
  81  8:24  Void Ray  
  85  8:31  Pylon  
  85  8:36  Pylon  
  85  8:38  Pylon  
  85  8:42  Charge  
  63  9:18  Nexus  
  63  9:21  Assimilator  
  63  9:24  Protoss Ground Weapons Level 2  
  63  9:25  Assimilator  
  63  9:26  Stalker x5, Pylon  
  63  9:27  Stalker  
  63  9:28  Protoss Ground Armor Level 1  
  75  9:48  Void Ray  
  79  10:06  Immortal  
  83  10:14  Robotics Bay  
  83  10:19  Zealot x2  
  83  10:20  Zealot  
  89  10:24  Zealot  
  91  10:28  Zealot  
  91  10:33  Zealot  
  95  10:37  Probe x3  
  98  10:45  Probe  
  98  10:46  Probe  
  98  10:49  Probe  
  101  10:53  Probe  
  101  10:54  Probe  
  100  10:59  Stalker  
  100  11:01  Probe  
  100  11:03  Extended Thermal Lance, Probe  
  100  11:04  Probe  
  99  11:14  Probe  
  99  11:16  Probe  
  101  11:22  Probe  
  101  11:28  Colossus  
  101  11:31  Probe  
  108  11:36  Protoss Shields Level 2  
  108  11:38  Probe  
  110  11:43  Probe  
  111  11:50  Probe, Colossus  
  118  11:56  Probe  
  118  11:57  Void Ray, Protoss Ground Armor Level 2, Protoss Air Weapons Level 1  
  123  12:02  Stalker  
  125  12:11  Stalker  
  125  12:12  Stalker  
  125  12:14  Stalker  
  131  12:24  Pylon  
  131  12:26  Pylon  
  131  12:27  Pylon  
  131  12:41  Colossus  
  131  12:54  Void Ray  
  135  12:58  Gravitic Boosters  
  135  13:01  Resonating Glaives  
  141  13:08  Zealot  
  141  13:09  Zealot  
  141  13:10  Zealot  
  147  13:14  Zealot  
  147  13:16  Zealot  
  147  13:19  Zealot  
  153  13:29  Pylon  
  153  13:30  Pylon  
  153  13:31  Pylon  
  153  13:33  Pylon  
  153  13:35  Pylon  
  153  13:37  Colossus  
  153  13:42  Colossus  
  159  13:52  Void Ray  
  163  13:57  Protoss Shields Level 3  
  163  14:11  Protoss Ground Weapons Level 3  
  163  14:14  Zealot x4  
  163  14:15  Protoss Air Armor Level 1  
  163  14:16  Zealot  
  173  14:23  Disruptor  
  173  14:30  Disruptor  
  173  14:35  Pylon x2  
  179  14:52  Sentry x2  
  183  14:53  Adept x2  
  183  14:54  Adept  
  183  14:56  Adept  
  191  15:07  Warp Prism  
  191  15:12  Adept x2  
  197  15:16  Sentry  
  179  15:50  Disruptor x2  
  185  16:10  Stalker  
  185  16:11  Stalker x3  
  189  16:16  Colossus x2  
  181  16:19  Probe  
  181  16:21  Assimilator  
  194  17:09  Colossus  
  181  17:46  Stalker x3  
  181  17:47  Stalker x5  
  187  18:32  Stalker x4  
  187  18:33  Stalker x2  
Tags
 
Add a new tag
Caveats
  • Supply blocks, unpowered buildings, or Contaminate may cause inaccurate times.
  • Supply counts are checked every 10 seconds.